AoeStats
← Ux'Combita

Arabia

513331470Analyzed
2v2 RM · 5d ago on Oct 13, 2026· 69m 4s· 4 players
Game mode
Random Map
Map size
Medium (4 player)
Population
200
Speed
Normal
Resources
Standard
Victory
Conquest
Starting age
Dark Age
Ending age
Imperial Age
RankedLock teamsTeams togetherTeam positionsShared explorationLock speedFull tech treeHidden civsTurbo modeCheats
Victory
Defeat
🇲🇽 Ethiopians · Mexico
1655
+18
🇲🇽 Persians · Mexico
1595
+20
vs
🇦🇷 Britons · Argentina
1718
-19
🇵🇪 Franks · Peru
1678
-19
Ux'Combita
6:55 Loom
9:03 Feudal Age
9:58 Double-Bit Axe
10:26 Horse Collar
21:32 Castle Age
20:33 Bloodlines
20:56 Scale Barding Armor
22:15 Bow Saw
25:41 Chain Barding Armor
30:03 Husbandry
31:23 Wheelbarrow
31:22 Forging
32:50 Hand Cart
32:44 Husbandry
36:15 Town Watch
40:56 Imperial Age
40:20 Herbal Medicine
41:02 Iron Casting
41:50 Plate Barding Armor
40:37 Cavalier
47:32 Savar
51:40 Blast Furnace
51:02 Fletching
53:58 Caravan
54:19 Bodkin Arrow
54:33 Light Cavalry
60:50 Hussar
Ux´Combito
6:04 Loom
9:15 Feudal Age
9:19 Man-at-Arms
9:44 Double-Bit Axe
11:49 Fletching
21:29 Castle Age
19:53 Gold Mining
20:17 Horse Collar
20:54 Padded Archer Armor
21:31 Elite Skirmisher
21:31 Crossbowman
22:07 Bodkin Arrow
22:22 Bow Saw
25:52 Ballistics
30:41 Thumb Ring
32:34 Wheelbarrow
32:35 Gold Shaft Mining
39:03 Imperial Age
38:46 Leather Archer Armor
39:49 Bracer
40:50 Chemistry
40:29 Arbalester
44:13 Ring Archer Armor
47:55 Two-Man Saw
48:56 Town Watch
51:00 Hand Cart
51:05 Stone Mining
51:44 Caravan
52:46 Guilds
54:02 Fortified Wall
53:48 Murder Holes
53:58 Squires
53:59 Scale Mail Armor
58:37 Heavy Plow
60:33 Stone Shaft Mining
65:24 Coinage
65:34 Town Patrol
65:11 Capped Ram
66:11 Torsion Engines
66:32 Conscription
66:41 Chain Mail Armor
66:36 Forging
65:47 Halberdier
66:32 Siege Ram
68:27 Plate Mail Armor
VL Aveee
6:47 Loom
9:09 Feudal Age
10:55 Double-Bit Axe
13:49 Fletching
21:41 Castle Age
20:10 Horse Collar
21:10 Padded Archer Armor
21:02 Gold Mining
21:45 Crossbowman
22:20 Bodkin Arrow
22:28 Bodkin Arrow
26:21 Ballistics
27:36 Bow Saw
30:46 Wheelbarrow
36:27 Imperial Age
35:07 Hand Cart
36:03 Leather Archer Armor
37:21 Bracer
38:25 Chemistry
38:10 Arbalester
39:27 Elite Skirmisher
40:53 Ring Archer Armor
45:38 Coinage
46:00 Scale Mail Armor
46:09 Pikeman
48:45 Chain Mail Armor
50:19 Halberdier
51:00 Squires
57:56 Forging
59:57 Caravan
60:57 Fortified Wall
63:37 Guilds
66:24 Hand Cart
65:54 Town Watch
Christine
5:55 Loom
8:42 Feudal Age
16:20 Scale Barding Armor
21:52 Castle Age
20:24 Forging
20:18 Double-Bit Axe
20:55 Gold Mining
23:18 Chain Barding Armor
22:20 Light Cavalry
25:59 Gold Shaft Mining
27:42 Iron Casting
28:20 Bow Saw
37:27 Wheelbarrow
44:12 Imperial Age
42:45 Husbandry
43:34 Hand Cart
44:36 Stone Mining
44:18 Cavalier
45:43 Plate Barding Armor
46:53 Blast Furnace
48:12 Paladin
54:31 Pikeman
55:16 Scale Mail Armor
57:13 Chain Mail Armor
57:04 Halberdier
62:30 Caravan
Connection lost

Rejoining the realm…

Still unreachable

The connection could not be restored.

Session expired

The server has moved on; the page needs a fresh start.